Map: Temple of the Past

Players

NamroodTuo

  • Race: Zerg Zerg

Mira

  • Race: Protoss Protoss
  • Spawn Location: 0:00

VOD

Have the link to the VOD?

Description

Time

  • Played on: Jan. 7, 2023, 8:36 a.m.
  • Length: 26:28
Show
View Real Time Build Order
Export as new Build Order

NamroodTuo Zerg 

Build Orders:  

Get SALT Encoding   

  12  0:12  Overlord  
  12  0:19  Infested SCV  
  13  0:38  Infested Barracks  
  13  0:42  Infested SCV  
  13  0:49  Infested SCV  
  15  0:56  Infested SCV  
  16  1:04  Infested SCV  
  17  1:13  Infested SCV  
  17  1:19  Overlord  
  18  1:25  Infested SCV  
  19  1:39  Infested SCV  
  20  1:54  Infested SCV  
  20  1:57  Infested Refinery  
  21  2:03  Infested Engineering Bay  
  21  2:07  Infested SCV  
  22  2:18  Infested Refinery  
  22  2:20  Infested SCV  
  23  2:43  Infested SCV  
  23  2:48  Infested SCV  
  25  2:56  Infested Marine x2  
  25  2:57  Infested Marine  
  25  2:59  Infested Barracks Tech Lab  
  28  3:18  Overlord x2  
  28  3:51  Regenerative Plating  
  28  3:54  Infested Bunker  
  32  4:04  Overlord  
  32  4:05  Overlord  
  32  4:06  Infested SCV  
  32  4:07  Retinal Augmentation  
  33  4:26  Infested SCV x2  
  35  4:30  Stukov Infantry Weapons Level 1  
  32  4:42  Infestation Level 1, Infested SCV  
  33  4:55  Plagued Munitions  
  33  5:46  Infested Bunker  
  37  5:51  Overlord  
  37  6:26  Infested Factory  
  37  6:34  Anaerobic Enhancement  
  37  6:48  Infested Bunker  
  41  7:06  Infested Marine  
  41  7:07  Infested Marine x3  
  45  7:20  Infested Barracks  
  45  7:22  Broodling Gestation  
  45  7:23  Infested SCV x4  
  45  7:28  Overlord  
  49  8:06  Infested Command Center  
  49  8:28  Infested Marine  
  49  8:29  Infested Marine x19  
  65  9:18  Infested Bunker  
  69  9:28  Stukov Infantry Weapons Level 2  
  69  9:31  Infestation Level 2  
  49  10:24  Infested Bunker  
  49  10:25  Infested SCV x3  
  56  10:33  Overlord  
  56  10:42  Infested SCV x2  
  53  11:02  Stukov Infantry Armor Level 1  
  53  11:08  Infested Missile Turret  
  53  11:19  Infested SCV, Infested Bunker  
  58  11:45  Infested Missile Turret  
  62  12:01  Infested SCV x3  
  62  12:04  Infested SCV  
  66  12:11  Infested Bunker  
  66  12:29  Infested Bunker  
  70  12:35  Infested Marine  
  70  12:36  Infested Marine x4  
  75  12:47  Infested Barracks  
  75  12:56  Infested Marine x9  
  75  12:57  Infested Marine x4  
  88  13:01  Infested Marine  
  88  13:02  Infested Marine x13  
  102  13:18  Infested Marine x5  
  102  13:28  Overlord  
  102  13:29  Overlord x4  
  102  13:32  Overlord  
  102  13:38  Overlord  
  102  13:41  Overlord  
  102  13:59  Stukov Infantry Armor Level 2  
  100  14:16  Infested Bunker  
  100  14:17  Infested SCV x5  
  109  14:38  Infested Armory  
  84  14:45  Infested Marine x9  
  84  14:46  Infested Marine x10  
  98  15:06  Infested Bunker  
  102  15:14  Infested Marine x10  
  102  15:15  Infested Marine x11  
  123  15:50  Infested Marine  
  123  15:51  Infested Marine x26  
  123  15:52  Infested Marine x6  
  156  16:14  Infested Bunker  
  163  16:21  Infested Bunker  
  163  16:22  Infested Marine  
  163  16:23  Infested Marine x13  
  163  16:24  Infested Marine  
  139  17:05  Infested Bunker  
  139  17:16  Infested Marine  
  139  17:17  Infested Marine x19  
  139  17:18  Infested Marine x7  
  166  17:29  Infested SCV x5  
  138  17:34  Infested Refinery  
  138  17:38  Infested Refinery  
  138  17:55  Infestation Level 3  
  123  18:06  Calcified Armor  
  123  18:14  Infested Barracks  
  123  18:20  Infested Marine  
  123  18:21  Infested Marine x4  
  128  18:37  Stukov Infantry Weapons Level 3  
  128  18:39  Infested Marine x12  
  140  18:40  Infested Marine x8  
  151  18:52  Infested Bunker  
  127  19:02  Infested Bunker  
  127  19:05  Infested SCV x2  
  127  19:06  Infested SCV x3  
  136  19:31  Infested Bunker  
  140  19:41  Infested Bunker  
  140  19:46  Infested Missile Turret  
  140  19:48  Infested Missile Turret  
  140  19:49  Infested Missile Turret  
  137  20:17  Infested Marine x5  
  137  20:18  Infested Marine x12  
  134  20:29  Infested Bunker  
  138  20:33  Infested Missile Turret  
  142  20:43  Infested Missile Turret  
  142  20:45  Infested Bunker  
  142  20:51  Infested Missile Turret  
  142  21:48  Stukov Infantry Armor Level 3  
  142  21:58  Infested Marine  
  142  21:59  Infested Marine x10  
  136  22:58  Infested Marine  
  136  22:59  Infested Marine x21  
  158  23:00  Infested Marine x8  
  155  23:58  Infested Bunker  
  159  24:06  Infested Missile Turret  
  163  24:10  Infested Bunker  
  163  24:17  Overlord x8  
  163  24:18  Overlord x2  
  129  24:52  Infested Marine  
  129  24:53  Infested Marine x19  
  129  24:54  Infested Marine x23  
  129  24:55  Infested Marine x23  
  178  25:34  Infested Missile Turret  
  178  25:41  Infested Bunker  
  190  25:53  Infested Bunker  
  190  25:54  Infested Bunker  
  190  25:55  Infested Bunker  
Show
View Real Time Build Order
Export as new Build Order

Mira Protoss 

Build Orders:  

Get SALT Encoding   

  12  0:07  Probe (Chrono Boost)  
  13  0:24  Pylon  
  13  0:43  Forge  
  13  0:47  Probe (Chrono Boost)  
  14  0:57  Probe (Chrono Boost)  
  15  1:07  Probe (Chrono Boost)  
  16  1:29  Probe (Chrono Boost)  
  17  1:36  Gateway  
  17  1:42  Pylon  
  17  1:52  Pylon  
  17  2:04  Photon Cannon  
  17  2:08  Photon Cannon  
  17  2:18  Assimilator  
  17  2:26  Assimilator  
  17  2:29  Probe (Chrono Boost)  
  18  2:39  Probe (Chrono Boost)  
  19  2:49  Probe (Chrono Boost)  
  20  2:59  Probe (Chrono Boost)  
  21  3:09  Probe (Chrono Boost)  
  22  3:18  Probe (Chrono Boost)  
  23  3:28  Probe (Chrono Boost)  
  24  3:38  Probe (Chrono Boost)  
  25  3:48  Probe (Chrono Boost)  
  26  3:58  Probe (Chrono Boost)  
  27  4:24  Cybernetics Core  
  27  4:26  Cybernetics Core  
  27  4:33  Photon Cannon  
  27  4:36  Photon Cannon  
  27  4:38  Photon Cannon  
  27  4:52  Photon Cannon  
  27  4:59  Shield Battery  
  27  5:03  Photon Cannon  
  27  5:14  Shield Battery  
  27  5:22  Photon Cannon  
  27  5:29  Optimized Ordinance  
  27  5:53  Probe (Chrono Boost)  
  28  6:28  Nexus  
  28  6:38  Probe (Chrono Boost)  
  29  6:48  Probe (Chrono Boost)  
  30  6:58  Probe (Chrono Boost)  
  31  7:08  Probe (Chrono Boost)  
  32  7:12  Pylon  
  32  7:13  Enhanced Targeting  
  32  7:16  Twilight Council  
  32  7:22  Stargate  
  32  7:30  Probe (Chrono Boost)  
  33  7:40  Probe (Chrono Boost)  
  34  7:50  Probe (Chrono Boost)  
  35  8:00  Probe (Chrono Boost)  
  35  8:08  Pylon  
  36  8:12  Pylon  
  36  8:15  Pylon  
  36  8:23  Pylon  
  36  8:28  Probe (Chrono Boost)  
  37  8:34  Pylon  
  37  8:38  Probe (Chrono Boost)  
  38  8:48  Probe (Chrono Boost), Photon Cannon  
  39  8:50  Photon Cannon  
  39  8:52  Protoss Shields Level 1  
  39  8:56  Photon Cannon  
  39  8:58  Probe (Chrono Boost)  
  40  9:03  Probe (Chrono Boost)  
  40  9:08  Probe (Chrono Boost)  
  42  9:13  Probe (Chrono Boost)  
  42  9:18  Probe (Chrono Boost)  
  44  9:23  Probe (Chrono Boost)  
  44  9:27  Photon Cannon  
  44  9:28  Probe (Chrono Boost)  
  46  9:30  Photon Cannon  
  46  9:35  Photon Cannon  
  46  9:38  Probe (Chrono Boost)  
  47  9:43  Photon Cannon  
  47  9:51  Shield Battery  
  47  9:54  Shield Battery  
  47  10:01  Shield Battery  
  47  10:23  Photon Cannon  
  47  10:30  Khaydarin Monolith  
  47  10:34  Khaydarin Monolith  
  47  11:05  Stargate  
  47  11:08  Fleet Beacon  
  47  11:13  Solar Efficiency Level 1  
  47  11:21  Assimilator  
  47  11:27  Assimilator  
  47  11:36  Probe (Chrono Boost)  
  48  11:44  Carrier x2  
  48  11:46  Probe (Chrono Boost)  
  49  11:56  Probe (Chrono Boost)  
  50  12:06  Probe (Chrono Boost), Protoss Air Weapons Level 1  
  51  12:10  Protoss Air Armor Level 1  
  51  12:22  Khaydarin Monolith  
  51  12:31  Robotics Facility  
  51  12:36  Photon Cannon  
  51  12:38  Khaydarin Monolith  
  63  13:28  Carrier  
  63  13:38  Observer  
  70  14:04  Observer  
  71  14:34  Carrier  
  77  15:04  Observer  
  78  15:30  Pylon, Observer  
  78  15:36  Photon Cannon  
  78  15:37  Photon Cannon  
  79  15:43  Khaydarin Monolith  
  79  15:45  Photon Cannon  
  79  15:48  Photon Cannon  
  79  15:56  Observer  
  79  16:05  Solar Efficiency Level 2  
  80  16:15  Pylon  
  80  16:42  Pylon  
  80  16:47  Photon Cannon  
  80  16:48  Photon Cannon  
  80  17:33  Pylon  
  80  17:40  Photon Cannon  
  80  17:46  Repair Drones, Khaydarin Monolith  
  80  18:02  Unknown  
  80  18:18  Photon Cannon  
  80  18:19  Photon Cannon  
  80  18:26  Khaydarin Monolith  
  80  18:27  Khaydarin Monolith  
  80  18:32  Khaydarin Monolith  
  80  18:36  Khaydarin Monolith  
  80  18:42  Khaydarin Monolith  
  80  18:47  Khaydarin Monolith  
  80  19:11  Carrier x2  
  92  21:12  Carrier x2  
  104  22:06  Pylon  
  104  22:10  Photon Cannon  
  104  22:11  Photon Cannon x2  
  104  22:16  Photon Cannon  
  104  22:20  Photon Cannon  
  104  25:35  Observer  
Tags
 
Commander
KaraxStukov
Matchup
Co-op
Replay Pack
Multiplayer
Add a new tag
Caveats
  • Supply blocks, unpowered buildings, or Contaminate may cause inaccurate times.
  • Supply counts are checked every 10 seconds.